 Dungeon Crawl Stone Soup version 0.28.0-45-g0d030f2227 (webtiles) character file.

Game seed: 888718272009811343

540 Zeld the Conjurer (level 7, -16/57 HPs)
             Began as a Yellow Draconian Conjurer on Apr 8, 2022.
             Was an Initiate of Vehumet.
             Killed by divine providence
             ... invoked by an orc priest
              (17 damage)
             ... on level 4 of the Dungeon.
             The game lasted 00:04:36 (4724 turns).

Zeld the Conjurer (Yellow Draconian Conjurer)       Turns: 4724, Time: 00:04:37

Health: -16/57     AC:  6    Str: 10    XL:     7   Next: 5%
Magic:  1/12       EV: 12    Int: 20    God:    Vehumet [......]
Gold:   184        SH:  0    Dex:  9    Spells: 2/13 levels left

rFire   . . .      SeeInvis .   (no weapon)
rCold   . . .      Faith    .   (no shield)
rNeg    . . .      Spirit   .   (armour unavailable)
rPois   .          Reflect  .   (helmet restricted)
rElec   .          Harm     .   (no cloak)
rCorr   +          Rampage  .   (no gloves)
Will    .....                   (no boots)
Stlth   ++........              (no amulet)
HPRegen 0.19/turn               (no ring)
MPRegen 0.13/turn               (no ring)

@: no status effects
A: spit acid, AC +6, unfitting armour, cold-blooded, acid resistance
a: Breathe Acid, Renounce Religion


You were on level 4 of the Dungeon.
You worshipped Vehumet.
Vehumet was noncommittal.
You visited 1 branch of the dungeon, and saw 4 of its levels.

You collected 184 gold pieces.

Inventory:

Jewellery
 l - an amulet of magic regeneration
Wands
 o - a wand of polymorph (9)
Scrolls
 a - 2 scrolls of immolation {unknown}
 c - 3 scrolls of identify {unknown}
 e - a scroll of vulnerability {unknown}
 i - a scroll of silence {unknown}
 k - a scroll of teleportation {unknown}
 n - a scroll of torment {unknown}
Potions
 b - a potion of attraction {unknown}
 d - a potion of might {unknown}
 f - a potion of curing {unknown}
 g - a potion of flight {unknown}
 h - a potion of haste {unknown}
 j - 2 potions of degeneration {unknown}
 m - 2 potions of invisibility {unknown}
 p - a potion of heal wounds {unknown}


   Skills:
 + Level 3.1 Fighting
 - Level 2.0 Dodging
 - Level 2.0 Stealth
 + Level 3.7 Spellcasting
 * Level 6.4 Conjurations
 + Level 1.1 Hexes
 + Level 1.3 Translocations


You had 2 spell levels left.
You knew the following spells:

 Your Spells              Type           Power      Damage    Failure   Level
a - Magic Dart            Conj           100%       1d8       1%          1
b - Searing Ray           Conj           58%        2d6       1%          2
c - Fulminant Prism       Conj/Hex       9%         3d7       26%         4
d - Iskenderun's Mystic   Conj/Tloc      19%        2d6       26%         4

Your spell library contained the following spells:

 Spells                   Type           Power      Damage    Failure   Level
 Freeze                   Ice            12%        1d4       13%         1
 Dazzling Flash           Conj/Hex       38%        N/A       9%          3
 Hailstorm                Conj/Ice       16%        3d6       34%         4
 Frozen Ramparts          Ice            6%         1d2       36%         3


Dungeon Overview and Level Annotations

Branches:
Dungeon (4/15)
 Temple: D:4-7

Altars:
Gozag
Uskayaw
Vehumet


Innate Abilities, Weirdness & Mutations

You can spit globs of acid.
Your golden yellow scales are hard. (AC +6)
You cannot fit into any form of body armour.
You are cold-blooded and may be slowed by cold attacks.
You are resistant to acid. (rCorr)


Message History

Casting: Searing Ray (safe; 1% risk of failure)
Confirm with . or Enter, or press ? or * to list all spells.
The spell is quite dangerous to miscast (26% risk of failure)!
Continue anyway?
Okay, then.
Casting: Iskenderun's Mystic Blast (quite dangerous; 26% risk of failure)
Confirm with . or Enter, or press ? or * to list all spells.
The spell is quite dangerous to miscast (26% risk of failure)!
Continue anyway?
You erupt in a blast of force!
The mystic blast hits the orc warrior but does no damage.
The orc warrior is heavily wounded.
The mystic blast hits the hound!
The hound is almost dead.
The hound is knocked back by the mystic blast.
The hound collides with the orc warrior!
You hear a shout!
The orc warrior hits you from afar with a +0 halberd!
* * * LOW HITPOINT WARNING * * *
The hound bites you.
* * * LOW HITPOINT WARNING * * *
Unknown command.
Unknown command.
Casting: Iskenderun's Mystic Blast (quite dangerous; 26% risk of failure)
Confirm with . or Enter, or press ? or * to list all spells.
Aiming: Searing Ray (safe; 1% risk of failure)
Press: ? - help, Shift-Dir - straight line, f/p - orc warrior
Aim: an orc warrior, wielding a +0 halberd and wearing a +0 plate armour (heavily wounded, 79% to hit)
The searing ray hits the hound.
You kill the hound!
Vehumet accepts your kill.
The searing ray hits the orc warrior but does no damage.
The orc warrior is heavily wounded. (Press . to maintain the ray.)
The orc warrior barely misses you.
You have reached level 7!
Your scales start taking on a golden yellow colour.
You can spit globs of acid.
You feel resistant to acid.
The orc priest mumbles some strange prayers to Beogh against you.
Beogh smites you!
You die...

#.# #.####...##########.#
#.# #.###...............#
#.####.##.......######.###
#......................#
######.##.......########
#.###.....## #.####....#
#.......#.# #########@#
#.###########
#.##.o..o...#
#o##.######.###
#o##.##.......#
.#.####o##.##.###.#o#
.......o....o.# #.#.#
.#.##......#### #.#.#
##...#.# #.#o#


You could see an orc warrior, an orc priest and 2 orcs.

Vanquished Creatures
  Grinder (D:4)
  A necrophage (D:4)
  A jelly (D:4)
  A hound (D:4)
  Natasha (twice) (D:2)
  A hound skeleton (D:3)
  5 adders
  An adder skeleton (D:4)
  3 worms
  A dart slug (D:3)
  An orc (D:4)
  6 ball pythons
  6 bats
  9 endoplasms
  4 giant cockroaches
  10 goblins
  5 hobgoblins
  7 jackals
  8 kobolds
  2 quokkas
  2 frilled lizards (D:1)
  5 rats (D:1)
82 creatures vanquished.

Notes
Turn   | Place    | Note
-------+----------+-------------------------------------------
     0 | D:1      | Zeld the Draconian Conjurer began the quest for the Orb.
     0 | D:1      | Reached XP level 1. HP: 14/14 MP: 3/3
    42 | D:1      | Noticed a black mamba
    42 | D:1      | Noticed a swamp drake
    43 | D:1      | Noticed a scorpion
    43 | D:1      | Noticed an iguana
   450 | D:1      | Reached XP level 2. HP: 20/20 MP: 0/5
   544 | D:1      | Learned a level 2 spell: Searing Ray
  1018 | D:1      | Reached XP level 3. HP: 26/26 MP: 2/6
  1908 | D:2      | Reached skill level 1 in Fighting
  2006 | D:2      | Reached skill level 5 in Conjurations
  2006 | D:2      | Reached XP level 4. HP: 35/35 MP: 2/7
  2215 | D:2      | Noticed Natasha
  2217 | D:2      | Killed Natasha
  2389 | D:2      | Noticed Natasha
  2405 | D:2      | Killed Natasha
  2406 | D:2      | Reached XP level 5. HP: 38/41 MP: 3/9
  3505 | D:3      | Found an opulent altar of Gozag.
  3505 | D:3      | Found a hide-covered altar of Uskayaw.
  3591 | D:3      | Learned a level 4 spell: Fulminant Prism
  4177 | D:4      | Noticed a necrophage
  4183 | D:4      | Killed a necrophage
  4184 | D:4      | Reached skill level 6 in Conjurations
  4184 | D:4      | Reached XP level 6. HP: 50/50 MP: 2/11
  4189 | D:4      | Learned a level 4 spell: Iskenderun's Mystic Blast
  4373 | D:4      | Noticed Grinder
  4373 | D:4      | Paralysed by Grinder for 4 turns
  4392 | D:4      | Killed Grinder
  4393 | D:4      | Reached skill level 1 in Hexes
  4393 | D:4      | Reached skill level 1 in Translocations
  4645 | D:4      | Found a radiant altar of Vehumet.
  4645 | D:4      | Noticed an orc warrior
  4675 | D:4      | Became a worshipper of Vehumet
  4721 | D:4      | HP: 1/51 [hound (2)]
  4724 | D:4      | Your scales start taking on a golden yellow colour.
  4724 | D:4      | Reached XP level 7. HP: 1/57 MP: 1/12
  4724 | D:4      | Gained mutation: You are resistant to acid. (rCorr) [Yellow
                  | Draconian growth]
  4724 | D:4      | Killed from afar by an orc priest

Illustrated notes

Levels and vault maps discovered:
D:1:      onia_arrival_zoo_common, layout_basic
D:2:      layout_basic, uniq_natasha
D:3:      layout_basic, gammafunk_temple_overflow_elements
D:4:      layout_loops_corners, nicolae_vehumet_radiance, minivault_5,
          uniq_grinder

Skill      XL: |  1  2  3  4  5  6 |
---------------+-------------------+-----
Stealth        | 2 |  2.0
Dodging        | 2 |  2.0
Fighting       | 1 2 3 |  3.1
Conjurations   | 5 6 |  6.4
Spellcasting   | 3 |  3.7
Hexes          | 1 |  1.1
Translocations | 1 |  1.3

Action                   |  1- 3 |  4- 6 |  7- 9 || total
-------------------------+-------+-------+-------++-------
Melee: Unarmed           |    31 |    12 |       ||    43
       Tailslap          |     3 |       |       ||     3
 Cast: Magic Dart        |    69 |    45 |       ||   114
       Searing Ray       |     3 |    16 |       ||    19
       Iskenderun's Myst |       |     1 |       ||     1
 Stab: Confused          |       |     2 |       ||     2
Armor: Skin              |    19 |    20 |       ||    39
Dodge: Dodged            |    36 |    39 |       ||    75
